 Dungeon Crawl Stone Soup version 0.23.2-40-g277498a001 (webtiles) character file.

Game seed: 10467263324828715845

5635 Exodus22XD the Thaumaturge (level 10, -4/50 HPs)
             Began as a Deep Elf Ice Elementalist on Sept 25, 2019.
             Was a Believer of Kikubaaqudgha.
             Slain by a minotaur
             ... wielding a +1 broad axe of flaming
              (8 damage)
             ... in a Gauntlet.
             The game lasted 01:36:53 (11491 turns).

Exodus22XD the Thaumaturge (DEIE)                  Turns: 11491, Time: 01:36:54

Health: -4/50      AC:  9    Str:  5    XL:     10   Next: 46%
Magic:  1/28       EV: 13    Int: 34    God:    Kikubaaqudgha [**....]
Gold:   643        SH:  0    Dex: 15    Spells: 11/33 levels left

rFire    . . .     SeeInvis .   p - +0 rapier
rCold    . . .     Gourm    .   (no shield)
rNeg     + . .     Faith    .   h - +2 steam dragon scales
rPois    .         Spirit   .   r - +1 hat of Suiryd {Int+4}
rElec    .         Reflect  .   (no cloak)
rCorr    .         Harm     .   (no gloves)
MR       +....     NoTele   +   A - +0 pair of boots
Stlth    ++........             y - macabre finger necklace {rN+}
HPRegen  0.16/turn              a - +6 ring of intelligence
MPRegen  0.21/turn              (no ring)
                                (no ring)

@: no status effects
A: no striking features
a: Receive Corpses, Renounce Religion


You were in a Gauntlet.
You worshipped Kikubaaqudgha.
Kikubaaqudgha was pleased with you.
You were very hungry.

You visited 2 branches of the dungeon, and saw 11 of its levels.
You also visited: Gauntlet.

You collected 708 gold pieces.
You spent 65 gold pieces at shops.

Inventory:

Hand Weapons
 p - a +0 rapier (weapon)
Missiles
 i - 6 javelins (quivered)
Armour
 h - +2 steam dragon scales (worn)
 r - the +1 hat of Suiryd (worn) {Int+4}
   (You found it in a Gauntlet)

   It affects your intelligence (+4).
 x - a +0 robe of magic resistance
 A - a +0 pair of boots (worn)
Jewellery
 a - a +6 ring of intelligence (left hand)
 y - the macabre finger necklace (around neck) {rN+}
   (You found it on level 1 of the Lair of Beasts)

   [amulet of nothing]

   It protects you from negative energy.
Wands
 b - a wand of flame (17)
 v - a wand of polymorph (13)
 w - a wand of digging (7)
 B - a wand of iceblast (9)
Scrolls
 d - 2 scrolls of enchant weapon
 g - 2 scrolls of fog
 j - 4 scrolls of teleportation
 n - 2 scrolls of remove curse
 o - 2 scrolls of magic mapping {unknown}
 s - a scroll of immolation {unknown}
 C - a scroll of brand weapon {unknown}
 D - a scroll of amnesia {unknown}
 E - a scroll of vulnerability {unknown}
Potions
 e - 3 potions of flight
 k - a potion of resistance {unknown}
 l - a potion of might {unknown}
 q - 2 potions of mutation
 t - a potion of agility {unknown}
 u - a potion of haste {unknown}
 z - a potion of ambrosia {unknown}
Comestibles
 c - 12 rations


   Skills:
 - Level 2.4 Dodging
 - Level 2.4 Stealth
 - Level 12.1 Spellcasting
 - Level 1.1 Conjurations
 - Level 4.1 Summonings
 - Level 10.0 Necromancy
 - Level 10.0 Ice Magic


You had 11 spell levels left.
You knew the following spells:

 Your Spells              Type           Power        Failure   Level  Hunger
a - Freeze                Ice            ####         1%          1    None
b - Summon Ice Beast      Ice/Summ       ######..     1%          4    None
c - Ozocubu's Armour      Chrm/Ice       ######..     1%          3    None
d - Throw Frost           Conj/Ice       ######       1%          2    None
e - Simulacrum            Ice/Necr       ######....   5%          6    ####...
f - Deflect Missiles      Chrm/Air       ###.......   97%         6    ####...

Your spell library contained the following spells:

 Spells                   Type           Power        Failure   Level  Hunger
 Pain                     Necr           ####         1%          1    None
 Corpse Rot               Necr           N/A          1%          2    None
 Sublimation of Blood     Necr           ######....   1%          2    None
 Vampiric Draining        Necr           ######....   1%          3    None
 Animate Dead             Necr           N/A          1%          4    None
 Dispel Undead            Necr           ######..     1%          5    None
 Throw Icicle             Conj/Ice       ######..     2%          4    None
 Bolt of Draining         Conj/Necr      ######....   6%          5    None
 Excruciating Wounds      Chrm/Necr      ######....   8%          5    None
 Summon Lightning Spire   Summ/Air       ####....     9%          4    None
 Silence                  Hex/Air        ###.......   52%         5    None
 Conjure Ball Lightning   Conj/Air       ###.......   95%         6    ####...
 Tornado                  Air            ###.......   100%        9    #######


Dungeon Overview and Level Annotations

Branches:
Dungeon (9/15)             Temple (0/1) D:4            Lair (2/6) D:8
  Swamp: Lair:2-4    Shoals: Lair:2-4     Snake: Lair:2-4    Spider: Lair:2-4
    Orc: D:9-12

Altars:
Ashenzari
Cheibriados
Dithmenos
Elyvilon
Kikubaaqudgha
Makhleb
Ru
Trog
Vehumet
Wu Jian
Yredelemnul
Zin
The Shining One

Shops:
D:4 !   D:5 (

Portals:
Ice
Cave: Lair:2

Annotations:
D:8 Joseph Gauntlet 12 transporters, 21 runed translucent doors, exclusion: orange crystal statue


Message History

The minotaur furiously retaliates!
The minotaur headbutts your naga simulacrum!
Your naga simulacrum vapourises!
The minotaur throws a javelin.
The javelin hits you!!
* * * LOW HITPOINT WARNING * * *
Okay, then.
As you read the scroll of fog, it crumbles to dust.
The scroll dissolves into smoke.
Your redback simulacrum bites the minotaur but does no damage.
The minotaur throws a javelin.
The javelin hits your redback simulacrum!
Your redback simulacrum bites the minotaur but does no damage.
Your redback simulacrum bites the minotaur but does no damage.
You see here a javelin.
Your redback simulacrum barely misses the minotaur.
The minotaur furiously retaliates!
The minotaur headbutts your redback simulacrum.
The minotaur hits you with a +1 broad axe of flaming!
You die...
Kikubaaqudgha rasps: "You have failed me!
Welcome... death!"

≈.§.#.#....#.##.#.#YY.#....##.#.#
.≈§.#.#...#....##.##Y##.##.##.#..
≈.≈.#.#...#.....#.##Y##.#####.#..
[.§§#.#..#.©....#.#pYY[©[?.Y#.#..
#####.###########.###########.###
.................................
................≈∩≈..............
#################################
#8# #8##≈......@§§§§§...§##8# #8
### ####8..©.©.§HZ§§§©..8#### ##
#§......°§§§§§...≈#
#########§######### #####.#
#.....# #H####### #(#.H.†°#
#.#.###H#


You could see a minotaur, 4 death yaks, a necromancer and a friendly redback
simulacrum.

Vanquished Creatures
  A basilisk (D:8)
  An orc warrior (D:8)
  A porcupine (D:8)
  A crocodile (D:8)
  2 big kobolds
  A jelly (D:5)
  5 hounds
  An orc priest (D:8)
  2 iguanas
  2 worker ants (D:5)
  2 gnolls (D:5)
  5 adders
  3 oozes
  3 worms
  2 dart slugs
  9 leopard geckos
  5 orcs
  10 bats
  7 giant cockroaches
  8 goblins
  6 hobgoblins
  7 jackals (D:1)
  7 quokkas
  6 frilled lizards
  10 kobolds
  2 leopard gecko skeletons
  A leopard gecko zombie (D:7)
  9 rats
119 creatures vanquished.

Vanquished Creatures (collateral kills)
  A hell hog (Gauntlet)
  A tengu warrior (Gauntlet)
  Psyche (D:8)
  A tengu conjurer (Gauntlet)
  3 rime drakes
  4 polar bears (Lair:1)
  A raiju (Gauntlet)
  2 hippogriffs (Lair:2)
  Sigmund (D:5)
  9 yaks
  2 fire bats (Gauntlet)
  A basilisk (D:8)
  2 steam dragons (Gauntlet)
  A naga (D:7)
  Edmund (D:5)
  3 water moccasins
  A hell hound (Gauntlet)
  4 porcupines
  2 orc warriors (D:8)
  A sky beast (D:8)
  2 black bears
  2 ice beasts (D:8)
  A phantom (D:7)
  2 centaurs
  2 crocodiles
  2 ogres
  Blork the orc (D:6)
  3 bullfrogs
  4 wights (D:7)
  A centaur zombie (D:3)
  4 orc priests
  A hound (D:8)
  A centaur skeleton (D:7)
  3 orc wizards
  A bullfrog skeleton (D:4)
  An iron imp (D:7)
  2 iguanas (D:8)
  A killer bee zombie (D:8)
  A hound skeleton (D:4)
  A howler monkey zombie (D:5)
  A worker ant zombie (D:7)
  2 gnolls (D:5)
  An adder (D:8)
  An adder skeleton (D:5)
  11 orcs
  6 kobolds (D:8)
  A ball python zombie (D:6)
  2 fungi
103 creatures vanquished.

Vanquished Creatures (others)
  An orc (D:8)
  2 bushes (D:8)
  3 fungi (D:8)
  13 plants (D:8)
  14 withered plants (Gauntlet)
33 creatures vanquished.

Grand Total: 255 creatures vanquished

Notes
Turn   | Place    | Note
-------+----------+-------------------------------------------
     0 | D:1      | Exodus22XD the Deep Elf Ice Elementalist began the quest
                  | for the Orb.
     0 | D:1      | Reached XP level 1. HP: 10/10 MP: 6/6
   110 | D:1      | Reached XP level 2. HP: 13/15 MP: 2/8
   897 | D:1      | Reached XP level 3. HP: 19/19 MP: 8/10
  1072 | D:2      | Reached skill level 4 in Spellcasting
  1152 | D:2      | Found a faded altar of an unknown god.
  1369 | D:2      | Reached XP level 4. HP: 17/24 MP: 7/12
  1375 | D:2      | Learned a level 4 spell: Summon Ice Beast
  1379 | D:2      | Learned a level 3 spell: Ozocubu's Armour
  1382 | D:2      | Learned a level 2 spell: Throw Frost
  1747 | D:2      | Reached skill level 1 in Summonings
  2147 | D:3      | Found an ancient bone altar of Kikubaaqudgha.
  2159 | D:3      | Found a radiant altar of Vehumet.
  2173 | D:3      | Became a worshipper of Kikubaaqudgha
  2251 | D:3      | Reached XP level 5. HP: 9/28 MP: 3/13
  2955 | D:4      | Found a sacrificial altar of Ru.
  2957 | D:4      | Found a basalt altar of Yredelemnul.
  3073 | D:4      | Found a staircase to the Ecumenical Temple.
  3265 | D:4      | Found Nufufas's Distillery.
  3281 | D:4      | Bought a potion of heal wounds for 65 gold pieces
  3359 | D:5      | Entered Level 5 of the Dungeon
  3403 | D:5      | Reached skill level 5 in Spellcasting
  3403 | D:5      | Reached skill level 5 in Ice Magic
  3403 | D:5      | Reached XP level 6. HP: 32/32 MP: 10/15
  3660 | D:5      | Found Wuinyng's Weapon Shop.
  3668 | D:5      | Reached * piety under Kikubaaqudgha
  3668 | D:5      | Identified Kikubaaqudgha's Papyrus of Necromancy
                  | (Kikubaaqudgha gifted it to you on level 5 of the Dungeon)
  3668 | D:5      | Received a gift from Kikubaaqudgha
  4039 | D:5      | Reached skill level 6 in Spellcasting
  4599 | D:5      | Reached XP level 7. HP: 29/36 MP: 16/18
  4602 | D:5      | Found a glowing silver altar of Zin.
  4627 | D:5      | Noticed Sigmund
  4674 | D:5      | Killed Sigmund
  4760 | D:5      | Noticed Edmund
  4784 | D:5      | Killed Edmund
  4784 | D:5      | Reached skill level 7 in Spellcasting
  4874 | D:6      | Found a glowing golden altar of the Shining One.
  4912 | D:6      | Noticed Blork the orc
  4927 | D:6      | Killed Blork the orc
  4996 | D:6      | Found a shadowy altar of Dithmenos.
  5219 | D:6      | Found a white marble altar of Elyvilon.
  5392 | D:6      | Found an ornate altar of the Wu Jian Council.
  5512 | D:6      | Noticed a moth of wrath
  5514 | D:6      | Found a bloodstained altar of Trog.
  5714 | D:7      | Reached skill level 8 in Spellcasting
  5890 | D:7      | Reached XP level 8. HP: 41/41 MP: 17/22
  5949 | D:7      | Found a snail-covered altar of Cheibriados.
  6185 | D:7      | Reached ** piety under Kikubaaqudgha
  6952 | D:8      | Reached skill level 9 in Spellcasting
  7022 | D:8      | You fall through a shaft!
  7333 | D:8      | Found a shattered altar of Ashenzari.
  7378 | D:8      | Noticed Psyche
  7397 | D:8      | Killed Psyche
  7447 | D:8      | Found a burning altar of Makhleb.
  7482 | D:8      | Noticed Joseph
  7484 | D:8      | Reached skill level 10 in Spellcasting
  7844 | D:8      | Reached XP level 9. HP: 37/45 MP: 13/25
  7871 | D:8      | Reached skill level 5 in Necromancy
  7925 | D:8      | Found a staircase to the Lair.
  8347 | Lair:1   | Entered Level 1 of the Lair of Beasts
  8528 | Lair:1   | Reached *** piety under Kikubaaqudgha
  8528 | Lair:1   | Identified Kikubaaqudgha's Catalogue of Stolen Souls
                  | (Kikubaaqudgha gifted it to you on level 1 of the Lair of
                  | Beasts)
  8528 | Lair:1   | Received a gift from Kikubaaqudgha
  8617 | Lair:1   | Learned a level 6 spell: Simulacrum
  8813 | Lair:1   | Reached skill level 10 in Necromancy
  8848 | Lair:1   | Found the macabre finger necklace {rN+}
  9134 | Lair:1   | Noticed a rime drake
  9148 | Lair:1   | Killed a rime drake
  9309 | Lair:1   | Noticed a polar bear
  9309 | Lair:1   | Noticed a polar bear
  9309 | Lair:1   | Noticed a polar bear
  9309 | Lair:1   | Noticed a polar bear
  9331 | Lair:1   | Killed a polar bear
  9335 | Lair:1   | Killed a polar bear
  9341 | Lair:1   | Killed a polar bear
  9408 | Lair:1   | Killed a polar bear
  9408 | Lair:1   | Reached XP level 10. HP: 50/50 MP: 4/26
  9606 | Lair:2   | Reached skill level 11 in Spellcasting
  9613 | Lair:2   | Found a frozen archway.
  9680 | Lair:2   | Found a gate leading to a gauntlet.
  9692 | Gauntlet | Entered a Gauntlet
  9692 | Gauntlet | Found a transporter.
  9700 | Gauntlet | Noticed a tengu warrior
  9707 | Gauntlet | Found a transporter.
  9716 | Gauntlet | Found a transporter.
  9721 | Gauntlet | Found a transporter.
  9736 | Gauntlet | Found a transporter.
  9737 | Gauntlet | Noticed a dire elephant
  9739 | Gauntlet | Noticed an elephant
  9746 | Gauntlet | Noticed an elephant
  9755 | Gauntlet | Found a transporter.
  9755 | Gauntlet | Noticed an orange crystal statue
  9767 | Gauntlet | Found a transporter.
  9769 | Gauntlet | Noticed a hell hog
  9775 | Gauntlet | Noticed a death yak
  9776 | Gauntlet | Noticed a death yak
  9776 | Gauntlet | Noticed a death yak
  9776 | Gauntlet | Noticed a death yak
  9777 | Gauntlet | Noticed a death yak
  9778 | Gauntlet | Noticed a necromancer
  9779 | Gauntlet | Found a transporter.
  9780 | Gauntlet | Noticed a death yak
  9785 | Gauntlet | Found a transporter.
  9785 | Gauntlet | Found a transporter.
  9800 | Gauntlet | Found a transporter.
  9800 | Gauntlet | Noticed a green death
  9804 | Gauntlet | Noticed an orange demon
  9812 | Gauntlet | Found a transporter.
  9829 | Gauntlet | Found a transporter.
  9847 | Gauntlet | Found a transporter.
  9849 | Gauntlet | Found a transporter.
  9851 | Gauntlet | Found a runed translucent gate.
  9851 | Gauntlet | Found a runed translucent gate.
  9851 | Gauntlet | Found a runed translucent gate.
  9854 | Gauntlet | Found a large runed translucent door.
  9854 | Gauntlet | Found a large runed translucent door.
  9854 | Gauntlet | Found a large runed translucent door.
  9854 | Gauntlet | Found a large runed translucent door.
  9857 | Gauntlet | Found a large runed translucent door.
  9857 | Gauntlet | Found a large runed translucent door.
  9858 | Gauntlet | Found a large runed translucent door.
  9858 | Gauntlet | Found a large runed translucent door.
  9861 | Gauntlet | Found a large runed translucent door.
  9861 | Gauntlet | Found a large runed translucent door.
  9861 | Gauntlet | Found a runed translucent door.
  9861 | Gauntlet | Found a runed translucent door.
  9862 | Gauntlet | Found a large runed translucent door.
  9863 | Gauntlet | Found a large runed translucent door.
  9872 | Gauntlet | Found a large runed translucent door.
  9872 | Gauntlet | Found a large runed translucent door.
  9873 | Gauntlet | Found a large runed translucent door.
  9874 | Gauntlet | Found a transporter.
  9874 | Gauntlet | Found a large runed translucent door.
  9876 | Gauntlet | Found a transporter.
  9896 | Gauntlet | Found a transporter.
  9926 | Gauntlet | Noticed an elephant
 10382 | Gauntlet | HP: 1/50 [raiju/living lightning (16)]
 10906 | Gauntlet | Killed a tengu warrior
 10925 | Gauntlet | Got a distressingly furry hat
 10931 | Gauntlet | Identified the +1 hat of Suiryd {Int+4} (You found it in a
                  | Gauntlet)
 10965 | Gauntlet | Killed a hell hog
 10965 | Gauntlet | Reached skill level 12 in Spellcasting
 10966 | Gauntlet | Reached skill level 10 in Ice Magic
 11137 | Gauntlet | Learned a level 6 spell: Deflect Missiles
 11204 | Gauntlet | Noticed a minotaur
 11491 | Gauntlet | Slain by a minotaur

Skill      XL: |  1  2  3  4  5  6  7  8  9 10 |
---------------+-------------------------------+-----
Ice Magic      | 4 5 7 8 10 | 10.0
Spellcasting   | 4 5 6 8 10 12 | 12.1
Summonings     | 3 4 |  4.1
Necromancy     | 4 10 | 10.0
Dodging        | |  2.4
Stealth        | |  2.4
Conjurations   | |  1.1

Action                   |  1- 3 |  4- 6 |  7- 9 | 10-12 || total
-------------------------+-------+-------+-------+-------++-------
Melee: Dagger            |     3 |     3 |       |       ||     6
       Unarmed           |     1 |       |       |       ||     1
       Rapier            |       |    22 |    24 |       ||    46
 Cast: Freeze            |    60 |    96 |    49 |       ||   205
       Summon Ice Beast  |       |    11 |    99 |    33 ||   143
       Ozocubu's Armour  |       |     1 |     2 |     1 ||     4
       Throw Frost       |       |       |     4 |       ||     4
       Simulacrum        |       |       |     2 |     9 ||    11
Invok: Receive Corpses   |       |       |     1 |     6 ||     7
Evoke: Wand              |       |       |     6 |       ||     6
  Use: Scroll            |       |     8 |     5 |     7 ||    20
       Potion            |       |     1 |     4 |     8 ||    13
 Stab: Sleeping          |     2 |     1 |     1 |       ||     4
       Distracted        |       |     1 |     1 |       ||     2
  Eat: Chunk             |     1 |    10 |     7 |     7 ||    25
       Ration            |       |     1 |     3 |       ||     4
Armor: Robe              |     9 |    21 |    12 |     1 ||    43
       Steam dragon scal |       |       |       |     2 ||     2
Dodge: Dodged            |    30 |    89 |    59 |     5 ||   183
